 Dungeon Crawl Stone Soup version 0.18-a0-1024-gf1736fb (webtiles) character file.

413 Duffy the Magician (level 6, -1/37 HPs)
             Began as a Deep Elf Wizard on Jan 7, 2016.
             Was an Initiate of Vehumet.
             Slain by a killer bee (7 damage)
             ... on level 7 of the Dungeon.
             The game lasted 00:05:30 (3848 turns).

Duffy the Magician (Deep Elf Wizard)                Turns: 3848, Time: 00:05:31

Health: -1/37      AC:  7    Str:  4    XL:     6   Next: 59%
Magic:  14/16      EV: 14    Int: 25    God:    Vehumet [......]
Gold:   233        SH:  0    Dex: 13    Spells: 5 memorised, 7 levels left

rFire  . . .     SeeInvis .     (no weapon)
rCold  + . .     Gourm    .     a - +0 robe
rNeg   . . .     Faith    .     (no shield)
rPois  .         Spirit   .     b - +0 hat
rElec  .         Dismiss  .     A - +2 cloak {MR+}
rCorr  .         Reflect  .     C - +1 pair of gloves
SustAt .         Harm     .     (no boots)
MR     +....                    (no amulet)
Stlth  ++........               (no ring)
                                y - ring of protection from cold

@: repel missiles, somewhat resistant to hostile enchantments, unstealthy
A: no striking features
a: Renounce Religion


You were on level 7 of the Dungeon.
You worshipped Vehumet.
Vehumet was noncommittal.
You were hungry.

You visited 1 branch of the dungeon, and saw 5 of its levels.

You collected 233 gold pieces.


   Skills:
 - Level 3.0 Fighting
 + Level 4.1 Dodging
 - Level 2.4 Stealth
 - Level 5.5 Spellcasting
 - Level 4.5 Conjurations
   Level 1.1 Summonings
 - Level 1.1 Translocations


You had 7 spell levels left.
You knew the following spells:

 Your Spells              Type           Power        Failure   Level  Hunger
a - Magic Dart            Conj           ####         1%          1    None
e - Apportation           Tloc           ##........   8%          1    None
l - Conjure Flame         Conj/Fire      ###.....     12%         3    #......
B - Blink                 Tloc           N/A          10%         2    None
M - Repel Missiles        Chrm/Air       #.....       14%         2    None

Inventory:

Missiles
 w - a throwing net (quivered)
Armour
 a - a +0 robe (worn)
 b - a +0 hat (worn)
 A - a +2 cloak of magic resistance (worn)
 C - a +1 pair of gloves (worn)
Jewellery
 y - a ring of protection from cold (left hand)
Wands
 z - a wand of random effects (28/48)
 D - a wand of confusion (14/48)
 F - a wand of disintegration (17/24)
Scrolls
 h - a scroll of recharging {unknown}
 i - a scroll of fog {unknown}
 j - a scroll of fear
 k - a scroll of enchant weapon
 m - a scroll of amnesia {unknown}
 o - a scroll of teleportation
 p - 2 scrolls of immolation {unknown}
 s - 2 scrolls of identify {unknown}
 t - a scroll of magic mapping {unknown}
 v - a scroll of noise {unknown}
 x - a scroll of remove curse {unknown}
 E - a scroll of enchant armour {unknown}
Potions
 e - a potion of agility
 f - a potion of heal wounds {unknown}
 l - a potion of resistance {unknown}
 r - 3 potions of poison {unknown}
Books
 c - a book of Minor Magic
 q - a book of Cantrips
Comestibles
 d - 3 bread rations
 g - 2 meat rations
 n - 4 fruits
 u - a royal jelly
 B - 2 chunks of flesh

Dungeon Overview and Level Annotations

Branches:
Dungeon (4/15)
 Temple: D:4-7

Altars:
Ashenzari
Elyvilon
Sif Muna
Vehumet
Zin

Annotations:
D:7 Dowan, Duvessa


Message History

Your magical contamination has completely faded away.
You start resting.
Evoke which item? (* to show all) (? for menu, Esc to quit)
Zapping:
D - a wand of confusion (will waste charges)
Press: ? - help, Shift-Dir - straight line, f - killer bee
Aim: a killer bee (chance to defeat MR: 54%)
The killer bee resists with significant effort.
Evoking this partially-identified wand wasted a few charges.
The killer bee stings you but does no damage.
The killer bee stings you.
Evoke which item? (* to show all) (? for menu, Esc to quit)
Zapping:
D - a wand of confusion {zapped: 3} (will waste charges)
Press: ? - help, Shift-Dir - straight line, f/p - killer bee
Aim: a killer bee (chance to defeat MR: 54%)
The killer bee appears confused.
Evoking this partially-identified wand wasted a few charges.
Cast which spell? (? or * to list)
Aiming: Magic Dart
Press: ? - help, Shift-Dir - straight line, f/p - killer bee
Aim: a killer bee (confused)
The magic dart hits the killer bee.
The killer bee closely misses you. The killer bee closely misses you.
The killer bee buzzes angrily.
You hear a loud, deep croak!
The killer bee stings you!
A giant frog comes into view.
The killer bee barely misses you.
Evoke which item? (* to show all) (? for menu, Esc to quit)
Zapping:
D - a wand of confusion {zapped: 5} (will waste charges)
Press: ? - help, Shift-Dir - straight line, f/p - killer bee
Aim: a killer bee (confused, chance to defeat MR: 54%)
The killer bee resists with significant effort.
Evoking this partially-identified wand wasted a few charges.
The killer bee closely misses you. The killer bee stings you!
You die...

....... .......
....... .e..... . #
..e..<. .. #.
..e....
...#.########.....>.
.#.....yy@.........?
...$.F..####.#######
.....y..# #.#
........# #.#
######.## #.# #y #..
.. ... ..~ ~[. ..~~


You could see a giant frog and 3 killer bees.

Action                   |  1- 3 |  4- 6 || total
-------------------------+-------+-------++-------
 Cast: Magic Dart        |    85 |   113 ||   198
       Repel Missiles    |       |     1 ||     1
       Blink             |       |     7 ||     7
       Conjure Flame     |       |     6 ||     6
Evoke: Wand              |       |     3 ||     3
  Use: Scroll            |       |     3 ||     3
  Eat: Chunk             |     1 |     7 ||     8

Notes
Turn   | Place    | Note
--------------------------------------------------------------
     0 | D:1      | Duffy the Deep Elf Wizard began the quest for the Orb.
     0 | D:1      | Reached XP level 1. HP: 10/10 MP: 7/7
    12 | D:1      | Reached XP level 2. HP: 15/15 MP: 0/9
   111 | D:1      | Reached skill level 5 in Spellcasting
   111 | D:1      | Reached skill level 2 in Conjurations
   239 | D:1      | Reached XP level 3. HP: 17/19 MP: 3/11
  1390 | D:2      | Noticed Sigmund
  1399 | D:2      | Killed Sigmund
  1399 | D:2      | Reached skill level 2 in Fighting
  1399 | D:2      | Reached skill level 4 in Conjurations
  1399 | D:2      | Reached XP level 4. HP: 13/26 MP: 4/13
  1399 | D:2      | Reached XP level 5. HP: 15/30 MP: 4/15
  1752 | D:2      | Learned a level 1 spell: Apportation
  1755 | D:2      | Learned a level 2 spell: Blink
  1758 | D:2      | Learned a level 2 spell: Repel Missiles
  1776 | D:2      | Learned a level 3 spell: Conjure Flame
  1812 | D:2      | Found a white marble altar of Elyvilon.
  1817 | D:2      | Found a shattered altar of Ashenzari.
  2014 | D:2      | Found a radiant altar of Vehumet.
  2022 | D:2      | Became a worshipper of Vehumet
  2256 | D:3      | Reached XP level 6. HP: 36/36 MP: 12/16
  2387 | D:3      | Reached skill level 3 in Dodging
  2763 | D:3      | Found a glowing silver altar of Zin.
  3076 | D:3      | Noticed Crazy Yiuf
  3152 | D:3      | Killed Crazy Yiuf
  3152 | D:3      | Reached skill level 3 in Fighting
  3540 | D:4      | Found a deep blue altar of Sif Muna.
  3629 | D:4      | Reached skill level 4 in Dodging
  3714 | D:4      | You fall through a shaft for 3 floors!
  3714 | D:7      | Noticed a hog
  3714 | D:7      | Noticed a human
  3761 | D:7      | Noticed Duvessa
  3761 | D:7      | Noticed Dowan
  3848 | D:7      | Slain by a killer bee

Vault maps used:
D:1:      minmay_arrival_glassed_features
D:2:      elyvilon_altar_5, lemuel_crystal_altar, vehumet_crystals, first_bread,
          serial_glass, glass_columns_c, glass_columns_a, glass_columns_b,
          glass_columns_a, glass_columns_a, glass_columns_b, glass_columns_a,
          glass_columns_b, item_on_display_a, uniq_sigmund
D:3:      lemuel_crystal_altar, uniq_crazy_yiuf_cottage
D:4:      kennysheep_mini
D:7:      statuecave_lemuel, minmay_temple_entry_crystal_x, grunt_livestock,
          st_stairs_7, uniq_duvessa

Vanquished Creatures
  Sigmund Crazy Yiuf
  A worker ant
  A hound skeleton
  6 gnolls
  8 adders
  3 worms
  A giant gecko
  A ball python
  8 bats
  4 giant cockroaches
  9 goblins
  5 hobgoblins
  6 kobolds
  A quokka
  A giant newt
  8 rats
65 creatures vanquished.
